AoeStats
← SaberikS

Arabia

503676407Analyzed
4v4 RM · 1mo ago on Sep 1, 2026· 51m 43s· 8 players
Game mode
Random Map
Map size
Large (8 player)
Population
200
Speed
Normal
Resources
Standard
Victory
Conquest
Starting age
Dark Age
Ending age
Imperial Age
RankedLock teamsTeams togetherTeam positionsShared explorationLock speedFull tech treeHidden civsTurbo modeCheats
Victory
Defeat
🇺🇸 Burgundians · United States
1160
+15
🇫🇷 Khmer · France
1146
+15
🇨🇴 Huns · Colombia
1102
+17
🇺🇸 Burmese · United States
1098
+18
🇹🇷 Vietnamese · Türkiye
1232
-21
🇹🇷 Vikings · Türkiye
1218
-20
🇹🇷 Persians · Türkiye
1069
-13
🇹🇷 Franks · Türkiye
1011
-11
SaberikS
10:01 Feudal Age
15:33 Castle Age
15:42 Double-Bit Axe
16:20 Loom
18:20 Scale Barding Armor
19:29 Bow Saw
23:23 Husbandry
25:34 Forging
26:14 Bloodlines
34:29 Iron Casting
34:15 Chain Barding Armor
42:51 Imperial Age
44:25 Blast Furnace
44:12 Heavy Camel Rider
49:58 Wheelbarrow
50:11 Light Cavalry
Dr.Foley
11:49 Feudal Age
10:05 Loom
21:57 Castle Age
19:46 Town Watch
20:37 Wheelbarrow
20:12 Scale Barding Armor
20:18 Forging
22:29 Double-Bit Axe
22:38 Gold Mining
22:38 Stone Mining
23:14 Husbandry
28:11 Town Patrol
28:48 Hand Cart
34:30 Chain Barding Armor
35:33 Gold Shaft Mining
35:14 Bow Saw
41:16 Imperial Age
39:54 Iron Casting
41:29 Cavalier
43:14 Paladin
48:02 Plate Barding Armor
48:27 Blast Furnace
48:50 Fletching
49:00 Padded Archer Armor
49:01 Scale Mail Armor
Oranos
9:39 Feudal Age
10:14 Double-Bit Axe
12:21 Loom
13:58 Fletching
15:39 Horse Collar
18:48 Wheelbarrow
21:45 Castle Age
22:12 Gold Mining
22:53 Bow Saw
22:44 Heavy Plow
22:18 Crossbowman
22:56 Bodkin Arrow
23:25 Hand Cart
23:50 Padded Archer Armor
24:24 Stone Mining
25:32 Thumb Ring
28:04 Leather Archer Armor
39:17 Ballistics
44:31 Imperial Age
41:58 Treadmill Crane
44:29 Town Watch
46:24 Paper Money
46:28 Bracer
46:59 Ring Archer Armor
47:55 Chemistry
47:00 Elite Rattan Archer
47:59 Town Patrol
SonGokuSan
7:11 Loom
9:28 Feudal Age
14:22 Double-Bit Axe
16:17 Town Watch
17:33 Horse Collar
21:04 Castle Age
19:30 Fletching
21:56 Crossbowman
24:51 Bow Saw
26:16 Bodkin Arrow
26:23 Padded Archer Armor
34:35 Heavy Plow
40:09 Gold Mining
42:15 Gold Shaft Mining
42:42 Stone Mining
51:24 Imperial Age
Fralex04
7:30 Loom
10:53 Feudal Age
14:09 Castle Age
14:57 Double-Bit Axe
15:53 Wheelbarrow
20:08 Horse Collar
21:45 Stone Mining
24:30 Bow Saw
26:03 Hand Cart
27:11 Heavy Plow
28:22 Murder Holes
31:51 Imperial Age
30:13 Ballistics
29:30 Elite Skirmisher
30:14 Gold Mining
30:41 Crossbowman
32:59 Conscription
35:36 Chemistry
36:36 Pikeman
38:19 Forging
38:09 Scale Mail Armor
38:00 Fletching
38:50 Double Crossbow
41:05 Bodkin Arrow
41:46 Iron Casting
42:07 Padded Archer Armor
44:41 Elite Ballista Elephant
47:46 Blast Furnace
47:01 Chain Mail Armor
48:25 Gold Shaft Mining
50:03 Halberdier
moisttoilet
0:28 Loom
10:04 Feudal Age
10:35 Town Watch
11:18 Horse Collar
15:58 Fletching
22:00 Castle Age
25:51 Redemption
27:01 Redemption
30:51 Wheelbarrow
44:46 Pikeman
45:26 Squires
47:52 Scale Mail Armor
48:03 Forging
48:16 Fervor
49:44 Hand Cart
50:34 Iron Casting
GN | Gohan 薬
8:09 Loom
8:53 Loom
11:49 Feudal Age
16:17 Castle Age
20:35 Scale Barding Armor
21:30 Husbandry
22:54 Forging
24:35 Iron Casting
26:14 Chain Barding Armor
25:49 Horse Collar
25:57 Double-Bit Axe
26:09 Town Watch
30:15 Bloodlines
36:53 Bow Saw
39:20 Imperial Age
37:27 Wheelbarrow
38:05 Heavy Plow
38:48 Gold Mining
39:46 Hand Cart
39:32 Cavalier
40:52 Plate Barding Armor
40:17 Light Cavalry
42:52 Blast Furnace
43:02 Two-Man Saw
43:10 Conscription
42:54 Paladin
50:10 Gold Shaft Mining
SneakyJeff
3:51 Double-Bit Axe
7:43 Loom
10:12 Feudal Age
14:19 Horse Collar
20:12 Castle Age
18:29 Gold Mining
21:38 Wheelbarrow
21:06 Husbandry
21:58 Forging
23:18 Scale Barding Armor
25:11 Elite Skirmisher
27:33 Iron Casting
27:47 Fletching
28:48 Stone Mining
36:20 Bodkin Arrow
49:19 Imperial Age
46:38 Town Watch
47:20 Squires
47:32 Scale Mail Armor
48:03 Bow Saw
48:04 Heavy Plow
49:20 Chain Mail Armor
50:09 Burgundian Vineyards
53:03 Blast Furnace
52:34 Plate Mail Armor
Connection lost

Rejoining the realm…

Still unreachable

The connection could not be restored.

Session expired

The server has moved on; the page needs a fresh start.